 Dungeon Crawl Stone Soup version 0.24-a0-516-g9de272b (webtiles) character file.

Game seed: 10530542181754519896

501 miscthings the Slasher (level 6, 0/52 HPs)
             Began as a Demigod Wanderer on July 22, 2019.
             Slain by a sky beast (6 damage)
             ... on level 5 of the Dungeon.
             The game lasted 00:06:45 (3683 turns).

miscthings the Slasher (Demigod Wanderer)           Turns: 3683, Time: 00:06:45

Health: 0/52       AC:  5    Str: 21    XL:     6   Next: 62%
Magic:  8/8        EV: 10    Int: 15    God:
Gold:   205        SH:  4    Dex: 14    Spells: 5/5 levels left

rFire    . . .     SeeInvis +   l - +2 falchion (elec)
rCold    . . .     Gourm    +   u - +0 buckler
rNeg     . . .     Faith    .   q - +0 ring mail {rPois}
rPois    +         Spirit   .   (no helmet)
rElec    .         Reflect  .   (no cloak)
rCorr    .         Harm     .   (no gloves)
MR       .....                  (no boots)
Stlth    +.........             t - amulet of the gourmand
HPRegen  0.17/turn              p - ring of see invisible
MPRegen  0.11/turn              (no ring)

@: no status effects
A: high mp 1
a: no special abilities


You were on level 5 of the Dungeon.
You were very full.

You visited 1 branch of the dungeon, and saw 5 of its levels.

You collected 205 gold pieces.

Inventory:

Hand Weapons
 a - a +0 short sword
 c - a +0 quarterstaff
 l - a +2 falchion of electrocution (weapon)
Missiles
 z - 7 curare-tipped darts (quivered)
Armour
 b - a +0 shield
 d - a +0 robe
 g - a +0 chain mail
 q - a +0 ring mail of poison resistance (worn)
 u - a +0 buckler (worn)
Jewellery
 p - a ring of see invisible (left hand)
 t - an amulet of the gourmand (around neck)
Wands
 x - a wand of random effects (11)
Scrolls
 k - a scroll of teleportation {unknown}
 n - a scroll of immolation
 o - 2 scrolls of enchant weapon {unknown}
 r - a scroll of amnesia {unknown}
 y - a scroll of blinking {unknown}
Potions
 e - a potion of heal wounds {unknown}
 h - 3 potions of curing
 i - a potion of mutation {unknown}
 m - a potion of ambrosia {unknown}
 s - 2 potions of brilliance
 v - a potion of cancellation {unknown}
 w - a potion of might {unknown}
Comestibles
 f - 9 rations


   Skills:
 - Level 4.0 Fighting
 + Level 5.8 Long Blades
 - Level 2.6 Staves
   Level 1.0 Crossbows
 - Level 1.0 Armour
 - Level 1.7 Shields


You had 5 spell levels left.
You didn't know any spells.
Your spell library was empty.

Dungeon Overview and Level Annotations

Branches:
Dungeon (5/15)
 Temple: D:4-7


Innate Abilities, Weirdness & Mutations

You have an increased reservoir of magic. (+10% MP)


Message History

The sky beast is heavily wounded.
The sky beast hits you. The sky beast shocks you.
You hit the sky beast.
The sky beast is severely wounded.
The sky beast hits you but does no damage.
You hit the sky beast.
The sky beast is almost dead.
The sky beast hits you. The sky beast shocks you.
You closely miss the sky beast.
The sky beast is severely wounded.
The sky beast hits you.
* * * LOW HITPOINT WARNING * * *
The sky beast shocks you.
* * * LOW HITPOINT WARNING * * *
You closely miss the sky beast.
The sky beast is severely wounded.
The sky beast hits you.
* * * LOW HITPOINT WARNING * * *
The sky beast shocks you.
You die...

#. # . #.# ##.
.# ... #.. ..
#.##.### ..
#...... .###.
#...).##......
#.#..@Y..#
#....#.#.#
#######....#
#........###
#......#.#
#...<....#
#...?..###
#.....##
#.....#


You could see a sky beast (invisible).

Vanquished Creatures
  A phantom (D:4)
  3 howler monkeys (D:4)
  A crimson imp (D:5)
  A quasit (D:3)
  An iguana (D:4)
  A centaur skeleton (D:4)
  A worker ant (D:4)
  3 gnolls (D:4)
  2 adders (D:2)
  5 worms
  3 leopard geckos
  9 orcs
  5 giant cockroaches
  8 goblins
  9 hobgoblins
  2 jackals (D:3)
  8 kobolds
  2 quokkas
  A ball python (D:3)
  7 bats
  10 frilled lizards
  9 rats
92 creatures vanquished.

Notes
Turn   | Place    | Note
-------+----------+-------------------------------------------
     0 | D:1      | miscthings the Demigod Wanderer began the quest for the
                  | Orb.
     0 | D:1      | miscthings set off with the following items: a +0 short
                  | sword, a +0 shield, a +0 quarterstaff, a +0 robe, a ration
     0 | D:1      | Reached XP level 1. HP: 18/18 MP: 3/3
   211 | D:1      | Reached XP level 2. HP: 17/26 MP: 4/4
   704 | D:1      | Found an iron altar of Okawaru.
  1059 | D:2      | Reached XP level 3. HP: 27/33 MP: 5/5
  1147 | D:2      | Reached skill level 1 in Long Blades
  1665 | D:3      | Reached skill level 2 in Long Blades
  1665 | D:3      | Reached XP level 4. HP: 36/40 MP: 6/6
  2082 | D:3      | Reached skill level 3 in Long Blades
  2224 | D:4      | Noticed a phantom
  2496 | D:4      | Killed a phantom
  2496 | D:4      | Reached skill level 4 in Long Blades
  2496 | D:4      | Reached XP level 5. HP: 24/46 MP: 7/7
  2798 | D:4      | Reached XP level 6. HP: 50/52 MP: 8/8
  3029 | D:4      | Reached skill level 5 in Long Blades
  3036 | D:4      | Found a glowing golden altar of the Shining One.
  3209 | D:5      | Entered Level 5 of the Dungeon
  3683 | D:5      | Slain by a sky beast

Levels and vault maps discovered:
D:1:      shiori_shiawase, layout_basic, chequers_big_river,
          okawaru_ov_weapons_minmay
D:2:      layout_basic, first_ration
D:3:      layout_loops_ring
D:4:      layout_basic, old_standard_altar
D:5:      layout_rooms, uniq_eustachio

Skill      XL: |  1  2  3  4  5  6 |
---------------+-------------------+-----
Fighting       | 3 4 |  4.0
Long Blades    | 2 4 5 |  5.8
Staves         | |  2.6
Crossbows      | |  1.0
Armour         | |  1.0
Shields        | |  1.7

Action                   |  1- 3 |  4- 6 || total
-------------------------+-------+-------++-------
Melee: Quarterstaff      |    73 |       ||    73
       Short sword       |     7 |       ||     7
       Falchion          |    81 |   113 ||   194
Evoke: Wand              |       |     6 ||     6
  Use: Scroll            |       |     5 ||     5
 Stab: Sleeping          |     1 |       ||     1
       Paralysed         |       |     3 ||     3
  Eat: Chunk             |     3 |    13 ||    16
Armor: Robe              |    12 |       ||    12
       Chain mail        |   110 |     9 ||   119
       Ring mail         |       |    24 ||    24
Dodge: Dodged            |    82 |    51 ||   133
Block: Shield            |     5 |       ||     5
       Buckler           |       |    14 ||    14
       Rpst.: Falchion   |    17 |     9 ||    26

Table legend:
 A = Non-vault XP
 B = Vault XP
 C = Vault XP percentage of total XP
 D = Non-vault monster count
 E = Vault monster count
 F = Vault count percentage of total count
                 A         B        C        D         E       F
            +---------+---------+-------+---------+---------+-------
      Total |     716 |       0 |   0.0 |      92 |       0 |   0.0
            +---------+---------+-------+---------+---------+-------
        D:1 |      38 |       0 |   0.0 |      26 |       0 |   0.0
        D:2 |      67 |       0 |   0.0 |      23 |       0 |   0.0
        D:3 |      86 |       0 |   0.0 |      19 |       0 |   0.0
        D:4 |     472 |       0 |   0.0 |      22 |       0 |   0.0
        D:5 |      53 |       0 |   0.0 |       2 |       0 |   0.0
            +---------+---------+-------+---------+---------+-------
